Map: Prion Terraces

Players

primo

  • Race: Terran Terran
  • League: Silver

lesha - Winner!

  • Race: Terran Terran
  • League: Gold

VOD

Have the link to the VOD?

Description

Time

  • Played on: Jan. 11, 2016, 9:04 a.m.
  • Length: 8:08
Show
View Real Time Build Order
Export as new Build Order

primo Terran 

Build Orders:  

Get SALT Encoding   

  12  0:01  SCV  
  13  0:13  SCV  
  14  0:19  Supply Depot  
  14  0:25  SCV  
  15  0:32  Refinery  
  15  0:40  SCV  
  16  0:46  Barracks  
  16  0:52  SCV  
  17  1:04  SCV  
  18  1:12  Supply Depot  
  18  1:17  SCV  
  19  1:29  SCV  
  20  1:34  Marine  
  21  1:40  Factory  
  21  1:43  Refinery  
  21  1:47  Orbital Command  
  21  2:05  Marine  
  21  2:14  SCV  
  22  2:15  Bunker  
  22  2:23  Factory Tech Lab  
  22  2:25  Marine  
  22  2:27  SCV  
  24  2:31  Supply Depot  
  24  2:41  SCV  
  24  2:43  Marine  
  26  2:52  Siege Tank  
  29  2:59  SCV  
  29  3:01  Marine  
  29  3:03  Starport  
  31  3:11  SCV  
  32  3:18  Marine  
  33  3:23  SCV  
  34  3:29  Barracks  
  34  3:33  Barracks  
  34  3:36  Marine  
  34  3:37  SCV  
  34  3:54  Marine  
  35  4:01  Medivac  
  37  4:04  SCV  
  38  4:11  Supply Depot  
  38  4:12  Command Center, Marine  
  39  4:31  Engineering Bay  
  39  4:32  Medivac, Marine x2  
  39  4:35  Barracks Tech Lab  
  43  4:40  SCV  
  44  4:50  Marine x2  
  46  5:10  Marine  
  47  5:18  Supply Depot x2  
  47  5:24  Marine x2  
  47  5:26  Orbital Command  
  49  5:32  SCV  
  49  5:35  Medivac  
  52  5:36  Marine  
  52  5:41  Marine  
  54  5:44  SCV  
  55  5:55  Stimpack  
  55  5:56  SCV  
  54  6:14  Marine x3  
  54  6:15  SCV  
  59  6:20  Orbital Command  
  59  6:23  Starport Reactor  
  58  6:34  Marine x3  
  55  6:51  SCV  
  55  6:52  SCV, Marine  
  59  7:00  Marauder  
  61  7:03  SCV  
  61  7:04  SCV  
  61  7:06  Barracks Reactor  
  62  7:09  Marine  
  62  7:12  Barracks  
  62  7:13  Barracks  
  63  7:21  Marauder  
  65  7:27  Marine  
  45  7:42  Marine  
  32  7:45  Marine  
Show
View Real Time Build Order
Export as new Build Order

lesha Terran - Winner!

Build Orders:  

Get SALT Encoding   

  12  0:01  SCV  
  13  0:13  SCV  
  14  0:18  Supply Depot  
  14  0:25  SCV  
  15  0:40  SCV  
  15  0:42  Barracks  
  16  0:45  Refinery  
  16  0:52  SCV  
  17  1:04  SCV  
  18  1:16  SCV  
  19  1:20  Barracks  
  19  1:29  Reaper, Orbital Command  
  20  1:43  Supply Depot  
  20  1:58  SCV  
  21  2:06  Reaper  
  21  2:07  Reaper  
  23  2:21  Command Center  
  23  2:24  SCV  
  23  2:55  Barracks Reactor  
  23  3:02  Barracks Reactor  
  23  3:04  SCV  
  23  3:05  Refinery  
  24  3:20  Barracks  
  24  3:24  SCV, Factory, Engineering Bay  
  24  3:25  Barracks  
  25  3:33  Marine x2  
  27  3:36  SCV  
  27  3:54  SCV  
  29  4:02  Marine x4  
  31  4:09  Barracks Tech Lab  
  32  4:14  Factory Tech Lab  
  32  4:20  Barracks Reactor  
  32  4:21  SCV  
  32  4:22  Starport  
  32  4:24  Marine x4  
  33  4:29  Supply Depot  
  33  4:31  Supply Depot, Marine  
  38  4:33  SCV  
  39  4:41  Marine  
  39  4:45  Orbital Command  
  40  4:46  Marine  
  40  4:47  Marine x2  
  40  4:52  SCV  
  44  4:57  Stimpack  
  44  5:01  Marine  
  44  5:03  Marine  
  46  5:07  SCV  
  46  5:12  SCV  
  46  5:13  Marine  
  49  5:22  Marine x3  
  49  5:23  SCV  
  49  5:24  SCV  
  49  5:26  Starport Reactor  
  54  5:30  Refinery  
  54  5:37  Refinery, Marine x3  
  54  5:38  SCV  
  54  5:39  SCV  
  54  5:41  Terran Infantry Weapons Level 1  
  59  5:44  Marine  
  59  5:45  Marine  
  52  6:17  SCV x2  
  52  6:18  Marine x7  
  61  6:25  Medivac x2  
  61  6:30  Supply Depot  
  61  6:31  Supply Depot  
  65  6:35  Marine  
  65  6:36  Marine  
  66  6:47  SCV  
  66  6:48  SCV  
  68  6:54  Command Center  
  68  6:59  SCV  
  69  7:04  Marine  
  69  7:05  Marine x3  
  69  7:08  SCV  
  69  7:48  Marine x5  
  69  7:49  Marine x2  
Tags
 
Add a new tag
Caveats
  • Supply blocks, unpowered buildings, or Contaminate may cause inaccurate times.
  • Supply counts are checked every 10 seconds.